 Dungeon Crawl Stone Soup version 0.26-a0-712-ga5a9c9c9d0 (webtiles) character file.

Game seed: 8621730495921267218

14612 Azzok the Cleaver (level 11, -5/86 HPs)
             Began as a Demonspawn Berserker on Nov 7, 2020.
             Was a High Priest of Trog.
             Drowned by a water elemental (10 damage)
             ... on level 11 of the Dungeon.
             The game lasted 00:19:25 (12949 turns).

Azzok the Cleaver (Demonspawn Berserker)           Turns: 12949, Time: 00:19:25

Health: -5/86      AC: 37    Str: 20    XL:     11   Next: 91%
Magic:  11/11      EV:  9    Int: 10    God:    Trog [*****.]
Gold:   494        SH:  0    Dex: 12    Spells: 10/10 levels left

rFire    x . .     SeeInvis .   I - +0 war axe
rCold    + + .     Faith    .   (no shield)
rNeg     . . .     Spirit   .   G - +3 plate armour {rPois}
rPois    +         Reflect  .   w - +0 helmet
rElec    .         Harm     .   F - +0 cloak
rCorr    .         Rampage  .   (no gloves)
MR       .....                  K - +0 pair of boots
Stlth    ..........             (no amulet)
HPRegen  0.24/turn              J - ring of ice
MPRegen  0.12/turn              r - +4 ring of protection

@: mighty, engulfed (cannot breathe), very slightly contaminated, invisible
A: hooves 2, icy blue scales 2, cold resistance 1, icemail, powered by death 1,
freezing cloud immunity
a: Berserk, Trog's Hand, Brothers in Arms, Renounce Religion


You were on level 11 of the Dungeon.
You worshipped Trog.
Trog was extremely pleased with you.
You visited 1 branch of the dungeon, and saw 11 of its levels.

You collected 526 gold pieces.
You spent 32 gold pieces at shops.

Inventory:

Hand Weapons
 d - a +3 vorpal great sword
 u - a +0 hand axe of venom
 B - a +3 morningstar of venom
 I - a +0 war axe (weapon)
 N - a +2 hand axe of freezing
Armour
 w - a +0 helmet (worn)
 F - a +0 cloak (worn)
 G - a +3 plate armour of poison resistance (worn)
 K - a +0 pair of boots (worn)
Jewellery
 r - a +4 ring of protection (right hand)
 A - an uncursed ring of protection from fire
 D - an uncursed ring of poison resistance
 J - a ring of ice (left hand)
 M - a +6 ring of intelligence
Wands
 m - a wand of acid (5)
 y - a wand of paralysis (32)
 E - a wand of digging (5)
 H - a wand of polymorph (8)
 L - a wand of flame (24)
Scrolls
 a - a scroll of vulnerability {unknown}
 b - 5 scrolls of blinking
 h - 5 scrolls of remove curse
 i - a scroll of magic mapping
 k - 11 scrolls of teleportation
 n - 6 scrolls of enchant weapon {unknown}
 o - a scroll of silence {unknown}
 p - 4 scrolls of fog {unknown}
 q - a scroll of brand weapon {unknown}
 C - a scroll of fear {unknown}
Potions
 c - 2 potions of flight
 e - 7 potions of curing
 f - 5 potions of lignification
 j - 2 potions of haste {unknown}
 l - a potion of stabbing
 s - a potion of ambrosia {unknown}
 x - a potion of berserk rage {unknown}
 z - a potion of mutation {unknown}


   Skills:
 + Level 8.1 Fighting
 * Level 11.6 Axes
 + Level 7.2 Armour
 + Level 7.3 Dodging
 - Level 7.0 Evocations


You had 10 spell levels left.
You didn't know any spells.
Your spell library was empty.

Dungeon Overview and Level Annotations

Branches:
Dungeon (11/15)            Temple (0/1) D:4            Lair (0/6) D:8
    Orc (0/2) D:9

Altars:
Ashenzari
Dithmenos
Hepliaklqana
Kikubaaqudgha
Nemelex Xobeh
Sif Muna
Uskayaw
Wu Jian
Zin
The Shining One

Shops:
D:10 *


Innate Abilities, Weirdness & Mutations

You have hoof-like feet.
You are mostly covered in icy blue scales. (AC +3)
Your flesh is cold resistant. (rC+)
A meltable icy envelope protects you from harm. (AC +10)
You regenerate a little health from kills.
You are immune to freezing clouds.


Message History

Your lungs strain for air!
The water elemental closely misses you.
You feel much better.
Your lungs strain for air!
The water elemental hits you!
* * * LOW HITPOINT WARNING * * *
Okay, then.
You're wearing all the rings you can.
Remove which one? (? for menu, Esc to cancel) < or
A - a ring of protection from fire; > or
r - a +4 ring of protection You remove your ring of protection from fire.
* * * LOW HITPOINT WARNING * * *
Your lungs strain for air!
The water elemental hits you.
You feel more attuned to ice.
J - a ring of ice (left hand)
* * * LOW HITPOINT WARNING * * *
Your lungs strain for air!
You feel very mighty all of a sudden.
You die...

···········≈♣♣≈≈·≈≈≈≈≈≈≈♣♣▒
▒▒▒▒······♣♣♣♣≈≈·≈≈≈≈≈≈≈≈P▒
▒≈♣♣P≈···≈♣♣♣≈≈≈·≈≈≈≈≈≈≈♣▒▒
♣≈≈≈≈P≈♣♣≈≈≈≈≈≈≈·≈≈≈≈≈P♣▒
≈≈P≈≈≈≈≈≈≈≈≈≈≈≈≈·≈≈≈≈≈♣▒
≈P≈≈≈P≈≈≈≈≈≈P≈≈≈·≈P≈≈♣▒
··················≈≈♣▒
P≈P≈P≈≈≈P≈≈≈≈≈≈≈··≈♣▒
†≈≈≈≈♣♣♣♣≈≈≈≈♣♣·@·▒▒
≈≈≈≈≈≈♣ ♣♣♣♣≈·E▒▒▒ ≈♣≈♣≈···
♣··▒ ······▒▒ ···▒ ▒▒▒▒▒
▒▒▒▒


You could see a water elemental.

Vanquished Creatures
  Fannar (D:11)
  Harold (D:8)
  2 boulder beetles (D:11)
  3 two-headed ogres
  4 unseen horrors
  Pikel (D:9)
  A deep elf mage (D:10)
  Maurice (D:9)
  Maggie (D:9)
  A troll (D:10)
  A hornet (D:11)
  Prince Ribbit (D:5)
  Sigmund (D:2)
  Eustachio (D:4)
  2 wyverns (D:11)
  A basilisk (D:10)
  A hornet zombie (D:11)
  5 ice beasts
  4 orc warriors
  A phantom (D:9)
  A black bear (D:7)
  2 necrophages (D:7)
  10 ogres
  2 centaurs
  2 lemures (D:9)
  6 bullfrogs
  4 scorpions
  A wyvern skeleton (D:11)
  A water moccasin skeleton (D:9)
  3 killer bees (D:11)
  8 wights
  2 howler monkeys
  7 electric eels
  A centaur zombie (D:6)
  3 orc wizards
  A quasit (D:5)
  5 hounds
  3 jellies
  A bullfrog zombie (D:8)
  3 centaur skeletons
  5 orc priests
  A bullfrog skeleton (D:9)
  2 iguanas
  6 worker ants
  A hound zombie (D:7)
  A hound skeleton (D:9)
  A howler monkey zombie (D:9)
  2 howler monkey skeletons
  A worker ant zombie (D:7)
  3 gnolls (D:9)
  13 adders
  3 white imps
  4 ufetubi
  2 oozes
  3 adder zombies
  2 adder skeletons
  5 worms
  7 leopard geckos
  23 orcs
  4 bats
  2 bat zombies (D:8)
  4 giant cockroaches
  8 goblins
  5 hobgoblins
  19 jackals
  2 quokkas
  3 ball pythons
  3 frilled lizards
  A jackal zombie (D:8)
  7 kobolds
  A quokka skeleton (D:9)
  4 rats
248 creatures vanquished.

Vanquished Creatures (others)
  29 plants
29 creatures vanquished.

Grand Total: 277 creatures vanquished

Notes
Turn   | Place    | Note
-------+----------+-------------------------------------------
     0 | D:1      | Azzok the Demonspawn Berserker began the quest for the Orb.
     0 | D:1      | Reached XP level 1. HP: 18/18 MP: 1/1
   237 | D:1      | Reached skill level 3 in Axes
   431 | D:1      | Gained mutation: Your flesh is cold resistant. (rC+)
                  | [demonic ancestry]
   431 | D:1      | Reached XP level 2. HP: 23/24 MP: 2/2
  1001 | D:2      | Found a hide-covered altar of Uskayaw.
  1185 | D:2      | Reached XP level 3. HP: 29/29 MP: 3/3
  1556 | D:2      | Reached skill level 4 in Axes
  2141 | D:2      | Noticed Sigmund
  2152 | D:2      | Killed Sigmund
  2152 | D:2      | Reached ** piety under Trog
  2152 | D:2      | Reached skill level 5 in Axes
  2152 | D:2      | Gained mutation: You are partially covered in icy blue
                  | scales. (AC +2) [demonic ancestry]
  2152 | D:2      | Reached XP level 4. HP: 16/35 MP: 4/4
  2152 | D:2      | Gained mutation: You have large cloven feet. [demonic
                  | ancestry]
  2152 | D:2      | Reached XP level 5. HP: 19/41 MP: 5/5
  2994 | D:3      | Reached skill level 6 in Axes
  3583 | D:3      | Gained mutation: You are mostly covered in icy blue scales.
                  | (AC +3) [demonic ancestry]
  3583 | D:3      | Reached XP level 6. HP: 47/47 MP: 6/6
  4141 | D:4      | Found a glowing silver altar of Zin.
  4174 | D:4      | Noticed Eustachio
  4184 | D:4      | Killed Eustachio
  4184 | D:4      | Reached skill level 1 in Evocations
  4206 | D:4      | Found a staircase to the Ecumenical Temple.
  4274 | D:5      | Entered Level 5 of the Dungeon
  4348 | D:5      | Gained mutation: You are immune to freezing clouds.
                  | [demonic ancestry]
  4348 | D:5      | Reached XP level 7. HP: 50/52 MP: 7/7
  4537 | D:5      | Noticed Prince Ribbit
  4555 | D:5      | Killed Prince Ribbit
  4555 | D:5      | Reached skill level 7 in Axes
  4797 | D:5      | Reached *** piety under Trog
  4905 | D:5      | Found a shimmering blue altar of Sif Muna.
  4905 | D:5      | Found a broken altar of Ashenzari.
  5021 | D:5      | Noticed a two-headed ogre
  5029 | D:5      | Killed a two-headed ogre
  5029 | D:5      | Gained mutation: You have hoof-like feet. [demonic
                  | ancestry]
  5029 | D:5      | Reached XP level 8. HP: 61/61 MP: 8/8
  5088 | D:5      | Found an ornate altar of the Wu Jian Council.
  5635 | D:6      | Reached skill level 8 in Axes
  6227 | D:7      | Gained mutation: You regenerate a little health from kills.
                  | [demonic ancestry]
  6227 | D:7      | Reached XP level 9. HP: 67/67 MP: 9/9
  6233 | D:7      | Reached skill level 5 in Fighting
  6386 | D:7      | Reached **** piety under Trog
  7353 | D:7      | Reached skill level 9 in Axes
  7919 | D:7      | Found a sparkling altar of Nemelex Xobeh.
  8088 | D:8      | Noticed Harold
  8106 | D:8      | Killed Harold
  8106 | D:8      | Reached skill level 5 in Armour
  8106 | D:8      | Reached skill level 5 in Dodging
  8106 | D:8      | Reached skill level 5 in Evocations
  8106 | D:8      | Gained mutation: A meltable icy envelope protects you from
                  | harm. (AC +10) [demonic ancestry]
  8106 | D:8      | Reached XP level 10. HP: 76/76 MP: 10/10
  8638 | D:8      | Found an ancient bone altar of Kikubaaqudgha.
  8697 | D:8      | Found a staircase to the Lair.
  8721 | D:8      | Found a shimmering blue altar of Sif Muna.
  9030 | D:9      | Noticed Pikel
  9045 | D:9      | Killed Pikel
  9115 | D:9      | Noticed a two-headed ogre
  9124 | D:9      | Noticed Maurice
  9131 | D:9      | Killed a two-headed ogre
  9132 | D:9      | Reached skill level 10 in Axes
  9343 | D:9      | Killed Maurice
  9676 | D:9      | Found a staircase to the Orcish Mines.
 10058 | D:9      | Reached ***** piety under Trog
 10212 | D:9      | Found a hazy altar of Hepliaklqana.
 10213 | D:9      | Found a shadowy altar of Dithmenos.
 10292 | D:9      | Noticed Maggie
 10321 | D:9      | Killed Maggie
 10337 | D:9      | Found a glowing golden altar of the Shining One.
 10465 | D:10     | Entered Level 10 of the Dungeon
 10601 | D:10     | Killed an unseen horror
 10702 | D:10     | Reached XP level 11. HP: 74/84 MP: 11/11
 11089 | D:10     | Found Kiotoo Lais's General Store.
 11093 | D:10     | Bought a scroll of identify for 32 gold pieces
 11360 | D:10     | Killed an unseen horror
 11496 | D:10     | Noticed a deep elf mage
 11506 | D:10     | Killed a deep elf mage
 11508 | D:10     | Identified the Catalogue of Evil and Transmigration
 11633 | D:11     | Noticed a boulder beetle
 11865 | D:11     | Killed an unseen horror
 11865 | D:11     | Received a gift from Trog
 11930 | D:11     | Killed a boulder beetle
 11930 | D:11     | Reached skill level 11 in Axes
 12014 | D:11     | Killed an unseen horror
 12072 | D:11     | Noticed a boulder beetle
 12089 | D:11     | Killed a boulder beetle
 12241 | D:11     | Noticed Fannar
 12280 | D:11     | Killed Fannar
 12418 | D:11     | Noticed a two-headed ogre
 12435 | D:11     | Killed a two-headed ogre
 12945 | D:11     | HP: 4/86 [drowned by a water elemental (10)]
 12949 | D:11     | Drowned by a water elemental

Illustrated notes

Levels and vault maps discovered:
D:1:      dpeg_arrival_renting, layout_loops_corners, minmay_misc_feat_pillars,
          ebering_dispersal_statue_hall
D:2:      layout_loops_corners, lemuel_doored_altar, uniq_sigmund
D:3:      minmay_spotlight, layout_basic, grunt_decor_cap
D:4:      layout_rooms, zin_scriptorium, minmay_temple_entry_nine_rooms,
          uniq_eustachio
D:5:      layout_gridville, lemuel_round_altar,
          gammafunk_temple_overflow_elements, uniq_prince_ribbit1
D:6:      layout_cave_pools, hangedman_abyss_or_decor_lesser_grid
D:7:      wad_lake_hut, layout_basic, nemelex_dance_club_becter
D:8:      layout_loops_corners, lemuel_zombie_altar_kikubaaqudgha,
          lair_entry_dummy, grunt_ministairs_4, lemuel_blue_sif_altar,
          uniq_harold
D:9:      layout_long_grid, riverfiend_overflow_shadow_ancestor,
          marbit_many_paths, orc_0_dummy, onia_ninara_dug_in_and_dangerous,
          uniq_maurice, uniq_maggie, uniq_pikel
D:10:     minmay_blocky_corners, layout_basic, serial_shops, shop
D:11:     layout_rooms, serial_bayou, serial_bayou_pond_b, serial_bayou_shore_b,
          serial_bayou_pond_c, serial_bayou_pond_e, hex_large,
          serial_bayou_lagoon_b, uniq_fannar

Skill      XL: |  1  2  3  4  5  6  7  8  9 10 11 |
---------------+----------------------------------+-----
Axes           | 3 5 6 7 8 9 10 11 | 11.6
Armour         | 2 3 4 5 6 7 |  7.2
Dodging        | 2 3 4 5 6 7 |  7.3
Evocations     | 1 3 5 6 7 |  7.0
Fighting       | 4 6 7 8 |  8.1

Action                   |  1- 3 |  4- 6 |  7- 9 | 10-12 || total
-------------------------+-------+-------+-------+-------++-------
Melee: Hand axe          |    95 |   147 |   267 |   526 ||  1035
       Kick              |       |    39 |    96 |   162 ||   297
       Morningstar       |       |       |       |    13 ||    13
       War axe           |       |       |       |     5 ||     5
Invok: Berserk           |     4 |     1 |     5 |     6 ||    16
Evoke: Wand              |       |       |     1 |       ||     1
  Use: Scroll            |     2 |     6 |       |     6 ||    14
       Potion            |       |       |       |     4 ||     4
Armor: Ring mail         |    40 |    31 |       |       ||    71
       Scale mail        |       |    49 |   105 |   113 ||   267
       Plate armour      |       |       |       |   248 ||   248
Dodge: Dodged            |    41 |    82 |   126 |   251 ||   500

Table legend: (Time is in decaauts)
 A = Elapsed time spent in this place.
 B = Non-inter-level travel time spent in this place.
 C = Inter-level travel time spent in this place.
 D = Time resting spent in this place.
 E = Time spent auto-exploring this place.
 F = Levels seen in this place.
 G = Mean time per level.
                   A        B        C        D        E       F      G
               +--------+--------+--------+--------+--------+-----+--------+
         Total |  13016 |  12763 |    253 |   2020 |   8604 |  11 | 1183.3 |
       Dungeon |  13016 |  12763 |    253 |   2020 |   8604 |  11 | 1183.3 |
               +--------+--------+--------+--------+--------+-----+--------+

Top non-repeatable levels by time:
     D:7: 1795 daAuts
     D:2: 1744 daAuts
    D:10: 1395 daAuts
     D:8: 1384 daAuts
     D:5: 1373 daAuts
     D:9: 1100 daAuts
     D:3: 1061 daAuts
    D:11: 1060 daAuts
     D:1: 975 daAuts
     D:6: 586 daAuts
     D:4: 538 daAuts
